 Dungeon Crawl Stone Soup version 0.23-a0-182-g58cdd98 (console) character file.

93 Voker57 the Skirmisher (level 4, -1/35 HPs)
             Began as a Demonspawn Abyssal Knight on Sept 20, 2018.
             Was a Follower of Lugonu.
             Succumbed to a worker ant's poison
             ... on level 3 of the Dungeon.
             The game lasted 00:01:52 (1365 turns).

Voker57 the Skirmisher (Demonspawn Abyssal Knight)  Turns: 1365, Time: 00:01:53

Health: -1/35      AC:  3    Str: 13    XL:     4   Next: 36%
Magic:  6/6        EV: 12    Int: 13    God:    Lugonu [*.....]
Gold:   83         SH:  0    Dex: 13    Spells: 3/3 levels left

rFire    . . .     SeeInvis .   a - +1 falchion
rCold    . . .     Gourm    .   (no shield)
rNeg     . . .     Faith    .   b - +0 leather armour
rPois    .         Spirit   .   (no helmet)
rElec    .         Reflect  .   (no cloak)
rCorr    .         Harm     .   (no gloves)
MR       +....                  (no boots)
Stlth    +.........             (no amulet)
HPRegen  0.11/turn              g - ring of protection from magic
MPRegen  0.10/turn              (no ring)

@: lethally poisoned (-1 -> -16)
A: hooves 1, demonic guardian 1, spiny 1
a: Depart the Abyss, Renounce Religion


You were on level 3 of the Dungeon.
You worshipped Lugonu.
Lugonu was aware of your devotion.
You were not hungry.

You visited 1 branch of the dungeon, and saw 3 of its levels.
You visited the Abyss 1 time.

You collected 83 gold pieces.

Inventory:

Hand Weapons
 a - a +1 falchion (weapon)
Missiles
 f - 8 tomahawks (quivered)
Armour
 b - a +0 leather armour (worn)
Jewellery
 g - a ring of protection from magic (left hand)
Comestibles
 c - 5 rations


   Skills:
 + Level 3.5 Fighting
 * Level 3.0 Long Blades
 - Level 1.7 Armour
 + Level 1.7 Dodging
 + Level 3.4 Invocations


You had 3 spell levels left.
You didn't know any spells.
Your spell library was empty.

Dungeon Overview and Level Annotations

Branches:
Dungeon (3/15)

Altars:
Ashenzari

Annotations:
D:2 Sigmund


Innate Abilities, Weirdness & Mutations

You have large cloven feet.
A weak demonic guardian rushes to your aid.
You are partially covered in sharp spines.


Message History

You are more poisoned.
The worker ant poisons you!
You aren't carrying any potions.
You aren't carrying any scrolls.
Unknown command.
Put on which piece of jewellery? (? for menu, Esc to quit)
g - a ring of protection from magic (left hand)
* * * LOW HITPOINT WARNING * * *
You feel sick.
Your ufetubus hits the worker ant but does no damage. x2
You hit the worker ant. You kick the worker ant.
You kill the worker ant!
Lugonu accepts your kill.
Your Long Blades skill increases to level 3!
* * * LOW HITPOINT WARNING * * *
You feel sick.
There is a lethal amount of poison in your body!
There is a lethal amount of poison in your body!
You swap places.
You die...

### ### ..
.[##.##
#.#<..####
#........
######.#..# .#
.....$..@###.#
.#####w##5#..#.#
#. ##<†...# #.
#.###.# .w ...#
..###.# ... #..
... ... #.# #.#


You could see a worm and a friendly ufetubus.

Vanquished Creatures
  A centaur zombie (D:2)
  A worker ant (D:3)
  2 oozes (D:1)
  3 bats (D:1)
  A giant cockroach (D:1)
  3 goblins
  2 hobgoblins (D:1)
  2 jackals (D:1)
  4 kobolds
  2 quokkas
  3 frilled lizards
  5 rats
29 creatures vanquished.

Notes
Turn   | Place    | Note
-------+----------+-------------------------------------------
     0 | Abyss:1  | Voker57 the Demonspawn Abyssal Knight began the quest for
                  | the Orb.
     0 | Abyss:1  | Reached XP level 1. HP: 18/18 MP: 2/2
    83 | Abyss:1  | Noticed an apocalypse crab
    84 | D:1      | Escaped the Abyss
    92 | D:1      | Reached skill level 1 in Dodging
   131 | D:1      | Gained mutation: You are partially covered in sharp spines.
                  | [demonic ancestry]
   131 | D:1      | Reached XP level 2. HP: 16/24 MP: 4/4
   243 | D:1      | Reached * piety under Lugonu
   647 | D:1      | Gained mutation: You have large cloven feet. [demonic
                  | ancestry]
   647 | D:1      | Reached XP level 3. HP: 29/29 MP: 5/5
   943 | D:2      | Found a shattered altar of Ashenzari.
  1244 | D:2      | Noticed Sigmund
  1257 | D:3      | Gained mutation: A weak demonic guardian rushes to your
                  | aid. [demonic ancestry]
  1257 | D:3      | Reached XP level 4. HP: 25/35 MP: 6/6
  1364 | D:3      | HP: 1/35 [poisoned by a worker ant]
  1365 | D:3      | Succumbed to a worker ant's poison

Vault maps used:
D:1:      erik_arrival_gehennom
D:2:      ashenzari_altar_1, led_sif_pool, chequers_ecumenical_altar_simple,
          minmay_fountain_box, minmay_misc_feat_tiny, minmay_domino_2,
          uniq_sigmund
D:3:      first_ration, uniq_terence
Abyss:1:  evilmike_abyss_exit_1

Skill      XL: |  1  2  3  4 |
---------------+-------------+-----
Dodging        | 1 |  1.7
Long Blades    | 2 3 |  3.0
Invocations    | 3 |  3.4
Fighting       | |  3.5
Armour         | |  1.7

Action                   |  1- 3 |  4- 6 || total
-------------------------+-------+-------++-------
Melee: Falchion          |    55 |     6 ||    61
       Kick              |     5 |     2 ||     7
Invok: Depart the Abyss  |     1 |       ||     1
  Use: Scroll            |     2 |       ||     2
  Eat: Chunk             |     1 |       ||     1
Armor: Leather armour    |    11 |       ||    11
Dodge: Dodged            |    38 |     4 ||    42
       Rpst.: Falchion   |    14 |       ||    14

Table legend:
 A = Non-vault XP
 B = Vault XP
 C = Vault XP percentage of total XP
 D = Non-vault monster count
 E = Vault monster count
 F = Vault count percentage of total count
                 A         B        C        D         E       F
            +---------+---------+-------+---------+---------+-------
      Total |     114 |      19 |  14.3 |      24 |       5 |  17.2
            +---------+---------+-------+---------+---------+-------
        D:1 |      25 |      19 |  43.2 |      15 |       5 |  25.0
        D:2 |      52 |       0 |   0.0 |       6 |       0 |   0.0
        D:3 |      37 |       0 |   0.0 |       3 |       0 |   0.0
            +---------+---------+-------+---------+---------+-------
